 Dungeon Crawl Stone Soup version 0.32-a0-540-g866d13106e (webtiles) character file.

Game seed: 9969663630921613972

60 ezpacito the Trooper (level 3, -3/29 HPs)
             Began as a Demonspawn Chaos Knight on Feb 29, 2024.
             Was a Plaything of Xom.
             Slain by an iguana (7 damage)
             ... on level 3 of the Dungeon.
             The game lasted 00:01:30 (1561 turns).

ezpacito the Trooper (Demonspawn Chaos Knight)      Turns: 1561, Time: 00:01:31

Health: -3/29      AC:  7    Str: 14    XL:     3   Next: 80%
Magic:  4/4        EV: 11    Int: 12    God:    Xom [.*....]
Gold:   28         SH:  0    Dex: 18    Spells: 4/4 levels left

rFire   . . .        a - +0 hand axe (chaos)
rCold   . . .        (no shield)
rNeg    . . .        b - +2 leather armour
rPois   .            l - +0 helmet
rElec   .            (no cloak)
rCorr   .            (no gloves)
SInv    .            (no boots)
Will    +....        (no amulet)
Stlth   +            g - +6 ring of dexterity
HPRegen 0.24/turn    (no ring)
MPRegen 0.09/turn

%: no passive effects
@: confused, enlightened, flying, hasted, very quick
A: rugged brown scales 1, powered by death 1
a: Renounce Religion


You were on level 3 of the Dungeon.
You worshipped Xom.
You were a plaything of Xom.
You visited 1 branch of the dungeon, and saw 3 of its levels.

You collected 28 gold pieces.

Inventory:

Hand Weapons
 a - a +0 hand axe of chaos (weapon)
Missiles
 s - 3 atropa-tipped darts (quivered)
Armour
 b - a +2 leather armour (worn)
 l - a +0 helmet (worn)
Jewellery
 g - a +6 ring of dexterity (left hand)
Scrolls
 c - a scroll of butterflies
 f - 2 scrolls of fear {unknown}
 i - a scroll of teleportation {unknown}
 j - 2 scrolls of identify {unknown}
 p - 2 scrolls of revelation {unknown}
 q - a scroll of fog {unknown}
 r - a scroll of enchant weapon {unknown}
Potions
 e - a potion of cancellation {unknown}
 h - a potion of attraction {unknown}
 k - a potion of heal wounds {unknown}
 m - a potion of ambrosia {unknown}
 n - a potion of resistance {unknown}
 o - a potion of magic {unknown}


   Skills:
 * Level 3.2 Fighting
 * Level 3.0 Axes
 + Level 0.3(1.8) Polearms
 * Level 2.0 Armour
 * Level 1.4 Dodging
 + Level 1.0 Stealth
 * Level 1.0 Unarmed Combat
 * Level 1.0 Spellcasting


You had 4 spell levels left.
You didn't know any spells.
Your spell library contained the following spells:

 Spells                   Type           Power      Damage    Failure   Level
 Inner Flame              Hex/Fire       0%         N/A       73%         3
 Flame Wave               Conj/Fire      0%         2d4       98%         4
 Sticky Flame             Fire/Alch      0%         2d4       98%         4


Dungeon Overview and Level Annotations

Branches:
Dungeon (3/15)

Altars:
Xom

Annotations:
D:3 Sigmund


Innate Abilities, Weirdness & Mutations

You are partially covered in rugged brown scales. (AC +1, +3% HP)
You regenerate a little health from kills.


Message History

Things that are here:
a +0 dagger; a +0 short sword You see here a rat corpse.
There is a stone staircase leading down here.
You climb downwards.
Level annotation: Sigmund The quokka bites you.
The ball python closely misses you. The iguana misses you.
There is a stone staircase leading up here.
You completely miss the quokka.
The kobold shouts!
You hit the ball python. You burn the ball python.
You kill the ball python!
You hit the iguana but do no damage.
The quokka bites you but does no damage.
You hear some strange, mumbled words.
Deactivating autopickup; reactivate with Ctrl-A.
You are confused.
The iguana completely misses you.
The quokka bites you but does no damage.
You miss the quokka. You miss the iguana.
A ribbon worm comes into view.
Unknown command.
The quokka attacks as it pursues you! The quokka bites you. Something hits you.
The iguana completely misses you.
You see here a ball python corpse.
You're too confused to move!
The quokka bites you. The iguana barely misses you.
You're too confused to move!
Something hits you! The quokka closely misses you. The iguana bites you.
The quokka barely misses you.
Unknown command.
It was a potion of enlightenment.
You feel very buoyant.
You fly up into the air.
Xom thinks this is hilarious!
Something hits you!
* * * LOW HITPOINT WARNING * * *
The iguana bites you!
You die...
Xom roars with laughter!

##...........
#.......>.....
###.#........w..
................
.#..#...........
#..#...<........
#.............
#..#..rl......#
#..#.K.K@..####
. #...######
#..#. #..#..
..#... .#..# ..#


You could see a ribbon worm, an iguana, a quokka and 2 kobolds.

Vanquished Creatures
  An adder (D:2)
  2 dart slugs
  3 bats
  6 endoplasms
  3 giant cockroaches
  5 hobgoblins
  2 jackals (D:2)
  2 quokkas
  3 ball pythons
  2 frilled lizards (D:2)
  6 kobolds
  9 rats
44 creatures vanquished.

Notes
Turn   | Place    | Note
-------+----------+-------------------------------------------
     0 | D:1      | ezpacito the Demonspawn Chaos Knight began the quest for
                  | the Orb.
     0 | D:1      | Reached XP level 1. HP: 18/18 MP: 1/1
    20 | D:1      | Reached skill level 1 in Dodging
   322 | D:1      | XOM: silly message
   405 | D:1      | Gained mutation: You regenerate a little health from kills.
                  | [demonic ancestry]
   405 | D:1      | Reached XP level 2. HP: 22/24 MP: 2/2
   764 | D:2      | Gained mutation: You are partially covered in rugged brown
                  | scales. (AC +1, +3% HP) [demonic ancestry]
   764 | D:2      | Reached XP level 3. HP: 24/29 MP: 2/4
   887 | D:2      | Found a shimmering altar of Xom.
   961 | D:2      | XOM: 4-stop teleportation journey
  1214 | D:2      | Reached skill level 1 in Stealth
  1271 | D:2      | Reached skill level 1 in Spellcasting
  1352 | D:2      | XOM: noise
  1524 | D:3      | Noticed Sigmund
  1524 | D:3      | XOM: swap monsters
  1525 | D:3      | XOM: chaos upgrade
  1527 | D:3      | XOM: potion effect (haste)
  1550 | D:2      | Reached skill level 1 in Unarmed Combat
  1561 | D:3      | Slain by an iguana

Illustrated notes

Levels and vault maps discovered:
D:1:      roderic_octagonal_star, layout_basic
D:2:      layout_loops_ring, basic_altar
D:3:      layout_rooms, shapermc_ecumenical_altar_pompeii, serial_corexii_hall,
          chequers_hall_statues_corner_a, corexii_hall_statues_x,
          minmay_misc_feat_diagonals, grunt_decor_cap, uniq_sigmund,
          uniq_terence, uniq_jessica

Skill      XL: |  1  2  3 |
---------------+----------+-----
Dodging        | 1 |  1.4
Armour         | 2 |  2.0
Axes           | 3 |  3.0
Stealth        | 1 |  1.0
Spellcasting   | 1 |  1.0
Unarmed Combat | 1 |  1.0
Fighting       | |  3.2
Polearms       | |  0.3

Action                     || total
---------------------------++-------
  Melee: Hand axe          ||   131
    Use: Potion            ||     1
   Stab: Confused          ||     5
         Sleeping          ||     1
 Armour: Leather armour    ||   104
  Dodge: Dodged            ||    77

Table legend: (Time is in decaauts)
 A = Elapsed time spent in this place.
 B = Non-inter-level travel time spent in this place.
 C = Inter-level travel time spent in this place.
 D = Time resting spent in this place.
 E = Time spent auto-exploring this place.
 F = Levels seen in this place.
 G = Mean time per level.
                   A        B        C        D        E       F      G
               +--------+--------+--------+--------+--------+-----+--------+
         Total |   1571 |   1391 |    180 |     34 |   1023 |   3 |  523.7 |
       Dungeon |   1571 |   1391 |    180 |     34 |   1023 |   3 |  523.7 |
               +--------+--------+--------+--------+--------+-----+--------+

Top non-repeatable levels by time:
     D:2: 809 daAuts
     D:1: 747 daAuts
     D:3: 14 daAuts
